 Dungeon Crawl Stone Soup version 0.20.1-1-g8b1a95d (webtiles) character file.

125 digijack the Firebug (level 4, 0/24 HPs)
             Began as a Deep Elf Fire Elementalist on Nov 7, 2017.
             Slain by a goblin
             ... wielding a +0 club
             ... led by Robin
              (4 damage)
             ... on level 3 of the Dungeon on Nov 8, 2017.
             The game lasted 00:19:38 (2985 turns).

digijack the Firebug (Deep Elf Fire Elementalist)   Turns: 2985, Time: 00:19:39

Health: 0/24       AC:  4    Str:  5    XL:     4   Next: 82%
Magic:  0/12       EV: 13    Int: 21    God:
Gold:   142        SH:  0    Dex: 15    Spells: 5/11 levels left

rFire    . . .     SeeInvis .   i - +2 short sword (holy)
rCold    . . .     Gourm    .   (no shield)
rNeg     . . .     Faith    .   a - +1 robe
rPois    .         Spirit   .   (no helmet)
rElec    .         Reflect  .   (no cloak)
rCorr    .         Harm     .   d - +0 pair of gloves
MR       .....                  (no boots)
Stlth    +++.......             (no amulet)
Regen    0.1/turn               (no ring)
MPRegen  0.2/turn               (no ring)

@: no status effects
A: no striking features
a: no special abilities


You were on level 3 of the Dungeon.
You were not hungry.

You visited 1 branch of the dungeon, and saw 3 of its levels.

You collected 142 gold pieces.

Inventory:

Hand Weapons
 i - a +2 short sword of holy wrath (weapon)
Armour
 a - a +1 robe (worn)
 d - a +0 pair of gloves (worn)
Scrolls
 g - a scroll of remove curse {unknown}
 h - 3 scrolls of identify
Potions
 e - 2 potions of curing
Books
 b - a book of Flames

   Spells                             Type                      Level
   a - Flame Tongue                   Conjuration/Fire             1
   b - Throw Flame                    Conjuration/Fire             2
   c - Conjure Flame                  Conjuration/Fire             3
   d - Inner Flame                    Hexes/Fire                   3
   e - Sticky Flame                   Conjuration/Fire             4
   f - Fireball                       Conjuration/Fire             5
Comestibles
 c - 3 chunks of flesh
 f - a meat ration


   Skills:
 + Level 0.8 Short Blades
 - Level 2.4 Dodging
 + Level 4.0 Stealth
 + Level 4.1 Spellcasting
 + Level 2.1 Conjurations
 + Level 4.2 Fire Magic


You had 5 spell levels left.
You knew the following spells:

 Your Spells              Type           Power        Failure   Level  Hunger
a - Flame Tongue          Conj/Fire      ###..        3%          1    None
b - Throw Flame           Conj/Fire      ###...       4%          2    #......
c - Inner Flame           Hex/Fire       ##......     14%         3    ###....


Dungeon Overview and Level Annotations

Branches:
Dungeon (3/15)

Altars:

Annotations:
D:3 Robin


Message History

The goblin hits you with a club.
Robin says, "Kneel, worm!"
Robin roars a battlecry!
The goblins go into a battle-frenzy!
The goblin hits you with a dagger.
Casting: Flame Tongue
Confirm with . or Enter, or press ? or * to list all spells.
Aiming: Flame Tongue
Press: ? - help, Shift-Dir - straight line, f - goblin
Aim: a goblin, wielding a dagger (moderately wounded, unusually strong)
The flame tongue misses the goblin.
The goblin hits you but does no damage. The goblin barely misses you.
You miss the goblin.
The goblin is moderately wounded.
The goblin hits you but does no damage. The goblin hits you with a dagger.
* * * LOW HITPOINT WARNING * * *
You hit the goblin.
You kill the goblin!
The goblin hits you with a club.
You die...

.#.#.#....# .#.#.####.#
###########
..[#.##########...[......
##.#..........'..........
##############..........
#......(... #..........
##)######## #@# #######
#g# #.....####
#g#####.........
#%..ggggg......g
#######g........
#####..... .... ... ..


You could see Robin and a goblin.

Vanquished Creatures
  2 gnolls
  2 adders (D:2)
  A worm (D:3)
  2 dart slugs
  3 leopard geckos (D:1)
  An orc (D:3)
  A giant cockroach (D:2)
  15 goblins
  10 hobgoblins
  4 jackals (D:2)
  10 kobolds
  A quokka (D:2)
  A ball python (D:3)
  7 bats
  7 frilled lizards
  9 rats
76 creatures vanquished.

Notes
Turn   | Place    | Note
-------+----------+-------------------------------------------
     0 | D:1      | digijack the Deep Elf Fire Elementalist began the quest for the Orb.
     0 | D:1      | Reached XP level 1. HP: 10/10 MP: 6/6
   323 | D:1      | Reached XP level 2. HP: 15/15 MP: 5/8
   681 | D:1      | Reached XP level 3. HP: 19/19 MP: 8/10
   694 | D:1      | Learned a level 2 spell: Throw Flame
   698 | D:1      | Learned a level 3 spell: Inner Flame
  1539 | D:2      | Reached XP level 4. HP: 24/24 MP: 4/11
  2933 | D:3      | Noticed Robin
  2985 | D:3      | Slain by a goblin

Skill      XL: |  1  2  3  4 |
---------------+-------------+-----
Stealth        | 3 4 |  4.0
Fire Magic     | 4 |  4.2
Spellcasting   | 4 |  4.1
Conjurations   | 2 |  2.1
Short Blades   | |  0.8
Dodging        | |  2.4

Action                   |  1- 3 |  4- 6 || total
-------------------------+-------+-------++-------
Melee: Unarmed           |    21 |       ||    21
       Short sword       |       |    13 ||    13
Throw: Tomahawk          |     4 |       ||     4
 Cast: Flame Tongue      |    46 |    17 ||    63
       Throw Flame       |    19 |    26 ||    45
       Inner Flame       |     3 |     1 ||     4
  Use: Scroll            |     3 |     3 ||     6
       Potion            |     3 |     1 ||     4
  Eat: Chunk             |     3 |       ||     3
       Bread ration      |       |     1 ||     1
Armor: Robe              |    11 |     3 ||    14
Dodge: Dodged            |    30 |    16 ||    46
